 Dungeon Crawl Stone Soup version 0.17.1-3-g152610e (webtiles) character file.

165 Zhenya25pyc the Skirmisher (level 5, -14/33 HPs)
             Began as a Gargoyle Fighter on Apr 25, 2016.
             Was an Initiate of Okawaru.
             Killed from afar by an oklob plant (16 damage)
             ... with a splash of acid
             ... on level 3 of the Dungeon.
             The game lasted 00:04:44 (2999 turns).

Zhenya25pyc the Skirmisher (Gargoyle Fighter)       Turns: 2999, Time: 00:04:45

Health: -14/33     AC:  9    Str: 20    XL:     5   Next: 46%
Magic:  5/5        EV:  7    Int:  9    God:    Okawaru [......]
Gold:   222        SH:  9    Dex:  9    Spells: 0 memorised, 4 levels left

rFire  x . .     SeeInvis .     a - +0 flail
rCold  + . .     Clarity  .     b - +0 scale mail
rNeg   + . .     SustAt   .     c - +0 shield
rPois  ∞         Gourm    .     (no helmet)
rElec  +         Spirit   .     (no cloak)
rCorr  .         Warding  .     t - +0 pair of gloves
rMut   .         Stasis   .     j - +0 pair of boots
MR     .....                    (no amulet)
Stlth  ..........               (no ring)
                                k - ring of ice

@: corroded equipment, not resistant to hostile enchantments, extremely
unstealthy
A: negative energy resistance 1, electricity resistance, unbreathing,
petrification resistance, rot immunity, AC +4
a: Renounce Religion


You were on level 3 of the Dungeon.
You worshipped Okawaru.
Okawaru was noncommittal.
You were not hungry.

You visited 1 branch of the dungeon, and saw 3 of its levels.

You collected 222 gold pieces.

Inventory:

Hand Weapons
 a - a +0 flail (weapon)
Armour
 b - a +0 scale mail (worn)
 c - a +0 shield (worn)
 j - a +0 pair of boots (worn)
 t - a +0 pair of gloves (worn)
Jewellery
 k - a ring of ice (left hand)
 u - an uncursed amulet of resist mutation {unknown}
Wands
 p - a wand of digging (15)
Scrolls
 f - 7 scrolls of identify {unknown}
 g - a scroll of noise {unknown}
 l - 4 scrolls of remove curse {unknown}
 o - a scroll of teleportation {unknown}
 q - a scroll of recharging {unknown}
 r - a scroll of magic mapping {unknown}
Potions
 d - 2 potions of might
 h - a potion of degeneration {unknown}
 i - 3 potions of curing {unknown}
 n - a potion of heal wounds {unknown}
Comestibles
 e - 2 bread rations
 m - 11 fruits
 s - a meat ration


   Skills:
 + Level 4.2 Fighting
 * Level 4.1 Maces & Flails
 + Level 3.5 Armour
 + Level 4.1 Shields


You had 4 spell levels left.
You didn't know any spells.

Dungeon Overview and Level Annotations

Branches:
Dungeon (3/15)

Altars:
Fedhas
Okawaru

Annotations:
D:3 exclusion: oklob plant


Innate Abilities, Weirdness & Mutations

You are resistant to torment.
Your stone body is resilient (AC +4).
You are immune to poison.
You resist negative energy.
You are resistant to electric shocks.
You can survive without breathing.
You are immune to petrification.
You are immune to rotting.


Message History

The plant is almost destroyed.
You completely miss the plant.
The plant is almost destroyed.
You hit the plant.
You destroy the plant!
The oklob plant spits acid at you. The splash of acid hits you!
The acid corrodes you!
The acid burns!
Ouch! That really hurt!
You see here a fruit.
You see here a fruit.
You see here 3 fruits.
m - 9 fruits (gained 3)
The oklob plant spits acid at you. The splash of acid hits you!
The acid burns!
* * * LOW HITPOINT WARNING * * *
You see here 2 fruits.
m - 11 fruits (gained 2)
The oklob plant spits acid at you. The splash of acid hits you!
You die...

#P♣♣#..≈≈≈≈≈≈≈≈≈..♣PP.#
#♣PP..≈≈≈≈≈≈≈≈≈≈≈.PPPP#
#PPPP.≈≈≈≈...≈≈≈≈.PPPP#
#.P♣P.≈≈≈÷._.≈≈≈≈.PPP♣##
#.PPP.≈≈≈≈...≈≈≈≈..♣.P#.
#PPPP.≈≈≈≈≈.≈≈≈≈≈.P.PP##
##PP#..≈≈≈≈.≈≈≈≈..PP♣P#.
#PP#PP..≈≈≈.≈≈≈..PPPP###
#♣#PP♣P@.≈≈.≈≈...P♣PP###
#P♣PPP..........PPPPPP##


#P%.P.PP#PPPPPP#PPP.PP## #P♣%%..P#PPPP#P♣#.PPPP## #P#P%PPPPPP#PP#PPPP#PP##
#..PPP♣PPP♣P♣P#PPPP.PP## #######################. #...#.##.<.... ##.##.##.#####
You could see an oklob plant.

Vanquished Creatures
  Natasha (D:3)
  3 gnolls (D:3)
  3 adders
  An ooze (D:1)
  6 giant geckos
  2 orcs (D:3)
  7 bats
  5 giant cockroaches
  4 goblins
  9 hobgoblins
  6 jackals
  2 quokkas
  A ball python (D:3)
  6 giant newts
  8 kobolds
  12 rats
  2 plants (D:3)
78 creatures vanquished.

Notes
Turn   | Place    | Note
--------------------------------------------------------------
     0 | D:1      | Zhenya25pyc the Gargoyle Fighter began the quest for the Orb.
     0 | D:1      | Reached XP level 1. HP: 14/14 MP: 1/1
   184 | D:1      | Reached XP level 2. HP: 19/19 MP: 2/2
   380 | D:1      | Reached XP level 3. HP: 21/23 MP: 3/3
  1204 | D:2      | Reached XP level 4. HP: 24/28 MP: 4/4
  2186 | D:3      | Noticed Natasha
  2198 | D:3      | Killed Natasha
  2198 | D:3      | Reached skill level 4 in Fighting
  2198 | D:3      | Reached XP level 5. HP: 31/33 MP: 5/5
  2578 | D:3      | Found a blossoming altar of Fedhas.
  2598 | D:3      | Noticed an oklob plant
  2663 | D:3      | Found an iron altar of Okawaru.
  2672 | D:3      | Became a worshipper of Warmaster Okawaru
  2999 | D:3      | Killed from afar by an oklob plant

Action                   |  1- 3 |  4- 6 || total
-------------------------+-------+-------++-------
Melee: Flail             |   119 |   214 ||   333
  Eat: Chunk             |     1 |     6 ||     7
